AoeStats
← Joaking

Arena

506738367Analyzed
1v1 RM · 16d ago on Sep 14, 2026· 42m 25s· 2 players
Game mode
Random Map
Map size
Tiny (2 player)
Population
200
Speed
Normal
Resources
Standard
Victory
Conquest
Starting age
Dark Age
Ending age
Imperial Age
RankedLock teamsTeams togetherTeam positionsShared explorationLock speedFull tech treeHidden civsTurbo modeCheats
Victory
Defeat
🇨🇦 Gurjaras · Canada
1091
+14
🇨🇱 Chinese · Chile
1053
-14
Joaking
11:32 Feudal Age
16:31 Castle Age
15:07 Double-Bit Axe
22:38 Horse Collar
23:09 Bow Saw
27:22 Loom
35:49 Imperial Age
34:24 Bloodlines
35:07 Scale Barding Armor
34:32 Light Cavalry
42:36 Forging
BuddyDudeMan
8:56 Feudal Age
9:28 Loom
13:11 Castle Age
13:25 Gold Mining
15:44 Forging
19:50 Redemption
20:45 Sanctity
20:52 Scale Barding Armor
21:24 Iron Casting
26:47 Chain Barding Armor
31:14 Bloodlines
31:26 Husbandry
Connection lost

Rejoining the realm…

Still unreachable

The connection could not be restored.

Session expired

The server has moved on; the page needs a fresh start.